 Dungeon Crawl Stone Soup version 0.17-a0-1011-gfa70bdd (webtiles) character file.

59 halfnothing the Shield-Bearer (level 4, 0/23 HPs)
             Began as a Vine Stalker Fighter on May 13, 2015.
             Slain by Crazy Yiuf
             ... wielding a +3 quarterstaff of chaos
              (1 damage)
             ... on level 2 of the Dungeon.
             The game lasted 00:02:19 (950 turns).

halfnothing the Shield-Bearer (Vine Stalker Fighter) Turns: 950, Time: 00:02:19

Health: 0/23       AC:  6    Str: 18    XL:     4   Next: 3%
Magic:  0/5        EV:  7    Int:  9    God:
Gold:   87         SH:  9    Dex: 14    Spells: 0 memorised, 3 levels left

rFire  . . .     SeeInvis .       - Unarmed
rCold  . . .     Clarity  .     a - +0 scale mail
rNeg   . . .     SustAb   .     b - +0 shield
rPois  .         Gourm    .     (no helmet)
rElec  .         Spirit   +     (no cloak)
rCorr  .         Warding  .     (no gloves)
rMut   .         Stasis   .     (no boots)
MR     .....                    (no amulet)
Stlth  ..........               (no ring)
                                (no ring)

@: drained, not resistant to hostile enchantments, extremely unstealthy
A: fangs 2, regeneration 1, magic shield, antimagic bite, no device heal 3, rot
immunity
a: no special abilities


You were on level 2 of the Dungeon.
You were not hungry.

You visited 1 branch of the dungeon, and saw 2 of its levels.

You collected 87 gold pieces.

Inventory:

Armour
 a - a +0 scale mail (worn)
 b - a +0 shield (worn)
Scrolls
 f - 2 scrolls of remove curse {unknown}
 k - a scroll of random uselessness {unknown}
Potions
 c - a potion of might
 e - a potion of lignification {unknown}
 g - a potion of invisibility {unknown}
 h - a potion of curing {unknown}
 j - a potion of haste {unknown}
Comestibles
 d - 2 bread rations
 i - a slice of pizza


   Skills:
 - Level 2.6(2.3) Fighting
 + Level 2.7(2.4) Armour
 + Level 3.3(3.0) Shields
 * Level 3.2(2.8) Unarmed Combat


You had 3 spell levels left.
You didn't know any spells.

Dungeon Overview and Level Annotations

Branches:
Dungeon (2/15)

Altars:

Annotations:
D:2 Crazy Yiuf


Innate Abilities, Weirdness & Mutations

You have extremely sharp teeth.
Your natural rate of healing is unusually fast.
When hurt, damage is shared between your health and your magic reserves.
Your bite disrupts and absorbs the magic of your enemies.
Potions and wands cannot restore your health.
You are immune to rotting.


Message History

Crazy Yiuf is moderately wounded.
Crazy Yiuf hits you with a quarterstaff of chaos!
You hit Crazy Yiuf.
Crazy Yiuf is heavily wounded.
You block Crazy Yiuf's attack.
You hit Crazy Yiuf. You bite Crazy Yiuf. You drain his power.
You feel invigorated.
Crazy Yiuf is severely wounded.
Crazy Yiuf grits, "Snurf!"
Crazy Yiuf hits you with a quarterstaff of chaos!
You feel drained.
Your shield and scale mail prevent you from hitting Crazy Yiuf.
You bite Crazy Yiuf, but do no damage.
Crazy Yiuf is severely wounded.
You block Crazy Yiuf's attack.
You hit Crazy Yiuf. You bite Crazy Yiuf, but do no damage.
Crazy Yiuf is severely wounded.
Crazy Yiuf hits you with a quarterstaff of chaos!
* * * LOW HITPOINT WARNING * * *
You die...

#.#.#... #.#.#... #.#.....
#.#..... #....... ##...... ####
♣♣###...... #)..#♣♣
♣♣..+.......
#..g@.♣♣♣♣........###
#...#♣..♣........#### ####
♣♣♣.♣...'....... ♣♣♣♣♣##.#.####
#....# ########## #.#..#
##########.#.##...# ...#..#
...........#.##...#..#. .....#
##########........#..#.###....#


You could see Crazy Yiuf.

Vanquished Creatures
  Natasha (D:2)
  An adder (D:2)
  An ooze (D:1)
  3 giant geckos
  4 bats (D:1)
  2 hobgoblins
  A kobold (D:1)
  A giant newt (D:1)
  2 goblins
  3 rats (D:1)
19 creatures vanquished.

Notes
Turn   | Place    | Note
--------------------------------------------------------------
     0 | D:1      | halfnothing the Vine Stalker Fighter began the quest for the Orb.
     0 | D:1      | Reached XP level 1. HP: 11/11 MP: 2/2
   153 | D:1      | Reached XP level 2. HP: 16/16 MP: 3/3
   346 | D:1      | Reached skill level 3 in Shields
   789 | D:2      | Reached XP level 3. HP: 10/19 MP: 2/4
   845 | D:2      | Noticed Natasha
   852 | D:2      | Killed Natasha
   852 | D:2      | Reached XP level 4. HP: 8/23 MP: 1/5
   940 | D:2      | Noticed Crazy Yiuf
   950 | D:2      | HP: 1/23 [Crazy Yiuf/quarterstaff of chaos (9)]
   950 | D:2      | Slain by Crazy Yiuf

Vault maps used:
D:1:      dpeg_arrival_tiny_g
D:2:      old_standard_altar, serial_bayou_pond_e, yredelemnul_altar_generic,
          uniq_crazy_yiuf_cottage, uniq_natasha

Action                   |  1- 3 |  4- 6 || total
-------------------------+-------+-------++-------
Melee: Unarmed           |    77 |    14 ||    91
